 Dungeon Crawl Stone Soup version 0.29.1-1-gd02db6906a (webtiles) character file.

Game seed: 7278392984345474942

793 LustLizard the Trooper (level 7, -8/54 HPs)
             Began as a Demonspawn Fighter on Oct 5, 2022.
             Mangled by an ogre
             ... wielding a +0 giant spiked club
              (23 damage)
             ... on level 5 of the Dungeon.
             The game lasted 00:06:07 (4428 turns).

LustLizard the Trooper (Demonspawn Fighter)         Turns: 4428, Time: 00:06:08

Health: -8/54      AC: 16    Str: 17    XL:     7   Next: 57%
Magic:  7/7        EV:  5    Int: 17    God:
Gold:   246        SH:  7    Dex: 14    Spells: 6/6 levels left

rFire   . . .      SeeInvis .   s - +4 flail "Leobrajy" {freeze, Int+8}
rCold   . . .      Faith    .   m - +2 buckler {AC+3}
rNeg    . . .      Spirit   .   y - +0 plate armour
rPois   .          Reflect  .   (no helmet)
rElec   .          Harm     .   (no cloak)
rCorr   .          Rampage  .   (no gloves)
Will    .....                   (no boots)
Stlth   ..........              (no amulet)
HPRegen 0.18/turn               (no ring)
MPRegen 0.10/turn               (no ring)

@: no status effects
A: slimy green scales 1, foul stench 1, weakness stinger 2
a: no special abilities


You were on level 5 of the Dungeon.
You visited 1 branch of the dungeon, and saw 5 of its levels.

You collected 246 gold pieces.

Inventory:

Hand Weapons
 a - a +0 long sword
 s - the +4 flail "Leobrajy" (weapon) {freeze, Int+8}
   (You took it off a goblin on level 2 of the Dungeon)

   It freezes those it strikes, dealing additional cold damage.
   It can also slow down cold-blooded creatures.
   Int:       It affects your intelligence (+8).
Missiles
 e - 5 atropa-tipped darts (quivered)
 f - 6 datura-tipped darts
 u - 6 boomerangs of dispersal
 A - 2 poisoned darts
Armour
 b - a +0 scale mail
 c - a +0 buckler
 j - a +0 chain mail
 m - a +2 buckler of protection (worn)
 y - a +0 plate armour (worn)
Scrolls
 g - 2 scrolls of identify
 h - 3 scrolls of fear {unknown}
 k - 2 scrolls of amnesia {unknown}
 l - 2 scrolls of immolation
 n - 3 scrolls of magic mapping {unknown}
 o - a scroll of butterflies
 q - 2 scrolls of teleportation {unknown}
 r - a scroll of torment {unknown}
 t - a scroll of enchant weapon {unknown}
 x - a scroll of silence
Potions
 d - a potion of might
 i - 2 potions of haste
 p - 2 potions of mutation
 v - a potion of attraction {unknown}
 w - a potion of degeneration
 z - a potion of heal wounds
 B - a potion of cancellation {unknown}
 C - a potion of brilliance {unknown}


   Skills:
 + Level 4.2 Fighting
 * Level 4.2 Long Blades
 * Level 3.6 Throwing
 + Level 3.7 Armour
 + Level 2.3 Dodging
 + Level 3.8 Shields


You had 6 spell levels left.
You didn't know any spells.
Your spell library contained the following spells:

 Spells                   Type           Power      Damage    Failure   Level
 Ensorcelled Hibernation  Hex/Ice        0%         N/A       100%        2
 Ozocubu's Armour         Ice            0%         N/A       100%        3
 Spider Form              Tmut/Pois      0%         N/A       100%        3
 Anguish                  Hex/Necr       0%         N/A       100%        4
 Ozocubu's Refrigeration  Ice            0%         4d7       100%        7


Dungeon Overview and Level Annotations

Branches:
Dungeon (5/15)
 Temple: D:4-7

Altars:


Innate Abilities, Weirdness & Mutations

You are partially covered in slimy green scales. (AC +2)
You may rarely emit foul miasma when damaged in melee.
You have a tail ending in a sharp stinger.


Message History

The phantom hits you but does no damage.
You closely miss the phantom.
Your tail-slap misses the phantom.
The phantom hits you but does no damage.
The iguana hisses menacingly.
The phantom hits you but does no damage.
You sock the phantom! You tail-slap the phantom.
The phantom is heavily damaged.
You block the phantom's attack.
You sock the phantom!
The phantom is severely damaged.
The ogre hits you with a +0 giant spiked club!!
You block the phantom's attack.
You sock the phantom!
You destroy the phantom!
The ogre barely misses you.
The iguana bites you but does no damage.
You closely miss the iguana. You block the ogre's attack.
The iguana bites you but does no damage.
You hit the iguana.
The iguana seems to slow down.
You freeze the iguana.
The iguana is lightly wounded.
You block the ogre's attack. You block the iguana's attack.
You hit the iguana but do no damage. You tail-slap the iguana.
The iguana is moderately wounded.
The iguana bites you but does no damage.
The ogre barely misses you.
You thump the iguana! You freeze the iguana.
You tail-slap the iguana, but do no damage.
The iguana is almost dead.
The iguana is no longer moving slowly.
The iguana barely misses you.
The ogre hits you with a +0 giant spiked club!
You hit the iguana. You freeze the iguana.
You kill the iguana!
You block the ogre's attack.
You barely miss the ogre. The jelly hits you.
You are splashed with acid!
* * * LOW HITPOINT WARNING * * *
The ogre hits you but does no damage. The jelly barely misses you.
You sock the ogre! You freeze the ogre.
The ogre is heavily wounded.
The ogre hits you with a +0 giant spiked club!!
You die...

#.#.....# #l#
#.####### #.#
#.......# #.#
#######.# #.#..
#.# #.#. #.# #
#.. #.# ##!
#.#######.#.#
#..##.J@Ol....#.#
#..##########.#
#.>##.........#
#.J##..#.########
##. #.#..# #
#...## #####


You could see an ogre, an iguana and a jelly.

Vanquished Creatures
  3 ogres
  A centaur (D:5)
  A phantom (D:5)
  A jelly (D:4)
  2 orc priests (D:3)
  A hound (D:5)
  3 iguanas
  7 adders
  4 gnolls (D:4)
  2 worms
  2 dart slugs
  9 orcs
  3 bats
  7 endoplasms
  5 giant cockroaches
  5 goblins
  4 hobgoblins
  3 jackals (D:1)
  4 quokkas
  6 ball pythons
  2 frilled lizards (D:1)
  4 kobolds
  2 rats (D:3)
81 creatures vanquished.

Notes
Turn   | Place    | Note
-------+----------+-------------------------------------------
     0 | D:1      | LustLizard the Demonspawn Fighter began the quest for the
                  | Orb.
     0 | D:1      | Reached XP level 1. HP: 18/18 MP: 1/1
   167 | D:1      | Gained mutation: You are partially covered in slimy green
                  | scales. (AC +2) [demonic ancestry]
   167 | D:1      | Reached XP level 2. HP: 19/24 MP: 2/2
   449 | D:1      | Found a faded altar of an unknown god.
   538 | D:1      | Reached skill level 1 in Throwing
   876 | D:2      | Gained mutation: You have a small tail. [demonic ancestry]
   876 | D:2      | Reached XP level 3. HP: 21/29 MP: 3/3
   994 | D:2      | Identified the +4 flail "Leobrajy" {freeze, Int+8}
  1584 | D:3      | Reached XP level 4. HP: 16/35 MP: 4/4
  1973 | D:3      | Reached skill level 1 in Dodging
  2166 | D:3      | Gained mutation: You have a tail ending in a sharp stinger.
                  | [demonic ancestry]
  2166 | D:3      | Reached XP level 5. HP: 41/41 MP: 5/5
  2580 | D:4      | Paralysed by an orc for 3 turns
  2586 | D:4      | Noticed an ogre
  3183 | D:4      | Noticed an ogre
  3191 | D:4      | Killed an ogre
  3192 | D:4      | Reached XP level 6. HP: 22/48 MP: 6/6
  3916 | D:5      | Entered Level 5 of the Dungeon
  3930 | D:5      | Gained mutation: You may rarely emit foul miasma when
                  | damaged in melee. [demonic ancestry]
  3930 | D:5      | Reached XP level 7. HP: 51/53 MP: 7/7
  4428 | D:5      | Mangled by an ogre

Illustrated notes

Levels and vault maps discovered:
D:1:      dpeg_arrival_round_c, layout_rooms, nicolae_ecumenical_lake_church,
          dreamdust_wishing_well, grunt_decor_junction
D:2:      layout_rooms
D:3:      layout_basic
D:4:      layout_cave_pools
D:5:      layout_basic, st_stairs_7

Skill      XL: |  1  2  3  4  5  6  7 |
---------------+----------------------+-----
Long Blades    | 2 3 4 |  4.2
Throwing       | 1 2 3 |  3.6
Armour         | 3 |  3.7
Dodging        | 1 2 |  2.3
Shields        | 3 |  3.8
Fighting       | 4 |  4.2

Action                   |  1- 3 |  4- 6 |  7- 9 || total
-------------------------+-------+-------+-------++-------
Melee: Long sword        |    73 |       |       ||    73
       Flail             |    21 |    85 |    30 ||   136
       Tailslap          |     4 |     6 |     8 ||    18
Throw: Dart              |       |    12 |       ||    12
  Use: Scroll            |     2 |     5 |       ||     7
Armor: Scale mail        |     9 |       |       ||     9
       Chain mail        |    41 |    41 |       ||    82
       Plate armour      |       |    17 |    24 ||    41
Dodge: Dodged            |    29 |    26 |     8 ||    63
Block: Buckler           |    28 |    43 |    15 ||    86
